 Dungeon Crawl Stone Soup version 0.30-a0-329-g85436e0a43 (console) character file.

Game seed: 11142746698782477519

4151 capslocke the Nimble (level 10, -2/75 HPs)
             Began as an Octopode Artificer on Oct 29, 2022.
             Was a Follower of Uskayaw.
             Slain by a killer bee (6 damage)
             ... on level 9 of the Dungeon.
             The game lasted 00:28:40 (8194 turns).

capslocke the Nimble (Octopode Artificer)           Turns: 8194, Time: 00:28:41

Health: -2/75      AC:  1    Str: 17    XL:     10   Next: 27%
Magic:  10/10      EV: 15    Int: 13    God:    Uskayaw [*.....]
Gold:   385        SH: 15    Dex: 12    Spells: 9/9 levels left

rFire   . . .      SeeInvis .    H - +6 shillelagh "Devastator" {shatter}
rCold   . . .      Faith    .    N - +1 kite shield
rNeg    . . .      Spirit   .    (helmet restricted)
rPois   .          Reflect  +    g - amulet of reflection
rElec   .          Harm     .    y - ring of willpower
rCorr   .          Rampage  .    (no ring)
Will    ++...                    (no ring)
Stlth   +++.......               (no ring)
HPRegen 0.32/turn                (no ring)
MPRegen 0.12/turn                (no ring)
                                 (no ring)
                                 (no ring)

@: no status effects
A: almost no armour, amphibious, 8 rings, camouflage 1, gelatinous body 1,
(nimble swimmer 1), tentacles, strong-willed 1, robust 1
a: Renounce Religion, Stomp


You were on level 9 of the Dungeon.
You worshipped Uskayaw.
Uskayaw was noncommittal.
You visited 2 branches of the dungeon, and saw 11 of its levels.

You collected 385 gold pieces.

Inventory:

Hand Weapons
 p - a +0 trident of protection
 v - a +5 trident of protection
 H - the +6 shillelagh "Devastator" (weapon) {shatter}
   (You found it on level 6 of the Dungeon)

   It releases a powerful concussive burst when it strikes, dealing extra damage
   to the target and all other foes adjacent to them.
Missiles
 a - 4 atropa-tipped darts
 j - 18 poisoned darts (quivered)
 Q - a throwing net
Armour
 G - a +0 buckler
 N - a +1 kite shield (worn)
Magical Staves
 q - a staff of earth
Jewellery
 g - an amulet of reflection (around mantle)
 k - a ring of flight
 y - a ring of willpower (left tentacle)
 B - a ring of ice
 F - a ring of fire
Wands
 c - a wand of charming (15)
 d - a wand of iceblast (1)
 s - a wand of light (15)
 w - a wand of paralysis (5)
 T - a wand of flame (10)
Scrolls
 b - 2 scrolls of vulnerability {unknown}
 e - 4 scrolls of teleportation
 f - 3 scrolls of fog
 i - a scroll of torment {unknown}
 l - 3 scrolls of magic mapping
 n - 4 scrolls of silence
 o - 2 scrolls of noise
 r - 2 scrolls of enchant weapon {unknown}
 A - 3 scrolls of poison
 C - a scroll of fear
 D - 2 scrolls of brand weapon {unknown}
Potions
 h - 2 potions of flight
 m - 4 potions of curing
 t - a potion of cancellation
 u - a potion of haste
 x - 2 potions of invisibility
 z - a potion of mutation
 E - 2 potions of magic
 I - 2 potions of heal wounds
 J - a potion of lignification
 K - a potion of attraction
 L - a potion of might
 M - a potion of degeneration
 O - 2 potions of berserk rage
 P - 3 potions of ambrosia
 S - a potion of brilliance


   Skills:
 + Level 6.3 Fighting
 * Level 3.1 Maces & Flails
 - Level 5.1 Polearms
 + Level 9.2 Dodging
 - Level 1.3 Stealth
 + Level 6.1 Shields
 + Level 3.5 Unarmed Combat
 - Level 3.2 Evocations


You had 9 spell levels left.
You didn't know any spells.
Your spell library contained the following spells:

 Spells                   Type           Power      Damage    Failure   Level
 Apportation              Tloc           0%         N/A       63%         1
 Necrotise                Necr           0%         1d4       63%         1
 Summon Small Mammal      Summ           0%         N/A       63%         1
 Stone Arrow              Conj/Erth      0%         3d7       94%         3
 Vhi's Electric Charge    Tloc/Air       0%         N/A       94%         3
 Petrify                  Tmut/Erth      0%         N/A       100%        4
 Arcjolt                  Conj/Air       0%         1d10      100%        5
 Metabolic Englaciation   Hex/Ice        0%         N/A       100%        5
 Statue Form              Tmut/Erth      0%         N/A       100%        6
 Lehudib's Crystal Spear  Conj/Erth      0%         10d2      100%        8
 Maxwell's Capacitive Co  Air            0%         ∞         100%        8
 Animate Armour           Summ/Erth      Unusable   N/A       N/A         4

Dungeon Overview and Level Annotations

Branches:
Dungeon (10/15)            Temple (1/1) D:5
   Lair: D:8-11         Orc: D:9-12

Altars:
Ashenzari
Cheibriados
Dithmenos
Elyvilon
Fedhas
Hepliaklqana
Kikubaaqudgha
Makhleb
Nemelex Xobeh
Okawaru
Qazlal
Ru
Sif Muna
Trog
Uskayaw
Vehumet
Wu Jian
Xom
Yredelemnul
Zin
The Shining One

Shops:
D:1 [   D:5 =   D:9 =   D:10 *

Annotations:
D:8 2 transporters
D:9 Urug


Innate Abilities, Weirdness & Mutations

You cannot wear most types of armour.
You are amphibious.
You can wear up to eight rings at the same time.
Your skin changes colour to match your surroundings (Stealth+).
Your rubbery body absorbs attacks. (AC +1, EV +1)
((You are camouflaged when in or above water. (Stealth+)))
You have tentacles for arms and can constrict up to eight enemies at once.
You are strong-willed. (Will+)
You are robust. (+10% HP)


Message History

You are poisoned.
The killer bee poisons you! You block the killer bee's attack.
A killer bee comes into view.
You block Urug's attack. The killer bee stings you! x2
A killer bee comes into view.
The killer bee moves out of view.
The killer bee buzzes angrily. x2; You hear an angry buzzing noise.
Okay, then.
You release your grip on Urug.
You feel sick. You block the killer bee's attack.
The killer bee closely misses you. You block the killer bee's attack.
The killer bee completely misses you. The killer bee stings you.
You are more poisoned.
The killer bee poisons you! You block Urug's attack.
The killer bee barely misses you. The killer bee stings you!
The killer bee closely misses you.
You climb upwards.
You feel very sick.
There is a stone staircase leading down here.
As you read the scroll of fear, it crumbles to dust.
You assume a fearsome visage.
Urug looks frightened!
The killer bee resists with some effort.
The killer bee is unaffected. x2
You feel very sick.
You block the killer bee's attack. x3; The killer bee stings you.
* * * LOW HITPOINT WARNING * * *
The killer bee stings you!
* * * LOW HITPOINT WARNING * * *
The killer bee misses you. The killer bee barely misses you.
The killer bee stings you.
* * * LOW HITPOINT WARNING * * *
Okay, then.
You feel better. You block the killer bee's attack. The killer bee stings you!
* * * LOW HITPOINT WARNING * * *
The killer bee barely misses you. You block the killer bee's attack. x3
The killer bee closely misses you. The killer bee completely misses you.
As you read the scroll of fear, it crumbles to dust.
You assume a fearsome visage.
The killer bee looks frightened!
The killer bee is unaffected. x2; The killer bee stings you.
You die...

#......####.#.#####.#.
#......# #.'.....#...
#......# ###.#.#####.
#####'## #.#....... #.##
####...### #..##
###...##### ##..#
##...).....#
#########'###....))....#
#...o..@y>..#..........#
#.....y.y...#..........#
#...........#..........#
#......................#
#...........##.........'
#...<.......##.........#
#######'#########'######
#...# #.## #####'#######
#..#####


You could see Urug (fleeing) and 3 killer bees.

Vanquished Creatures
  A troll (D:9)
  A hornet (D:9)
  Sigmund (D:3)
  2 wyverns
  A steam dragon (D:9)
  4 vampire mosquitoes (D:7)
  4 water moccasins
  2 orc warriors
  A sky beast (D:6)
  3 ice beasts
  A black bear (D:6)
  2 ogres (D:6)
  A centaur (D:6)
  A phantom (D:6)
  4 bullfrogs
  3 necrophages
  4 killer bees (D:7)
  Crazy Yiuf (D:6)
  3 hounds
  2 orc priests
  2 gnoll boudas
  2 iguanas
  6 orc wizards
  Robin (D:3)
  8 gnolls
  2 adders (D:2)
  2 shadow imps
  A white imp (D:5)
  2 worms
  3 dart slugs
  25 orcs
  3 endoplasms
  3 giant cockroaches
  19 goblins
  6 hobgoblins
  4 jackals (D:2)
  7 kobolds
  9 quokkas
  7 ball pythons
  7 bats
  2 frilled lizards (D:1)
  A rat (D:1)
164 creatures vanquished.

Notes
Turn   | Place    | Note
-------+----------+-------------------------------------------
     0 | D:1      | capslocke the Octopode Artificer began the quest for the
                  | Orb.
     0 | D:1      | Reached XP level 1. HP: 13/13 MP: 1/1
    34 | D:1      | Found Ekeru's Antique Armour Shoppe.
    75 | D:1      | Reached skill level 3 in Dodging
    75 | D:1      | Reached XP level 2. HP: 17/18 MP: 2/2
   332 | D:1      | Reached XP level 3. HP: 22/23 MP: 3/3
   819 | D:2      | Reached skill level 1 in Unarmed Combat
   913 | D:2      | Reached XP level 4. HP: 20/28 MP: 4/4
  1466 | D:3      | Found a faded altar of an unknown god.
  1468 | D:3      | Found a hazy altar of Hepliaklqana.
  1468 | D:3      | Found a faded altar of an unknown god.
  1563 | D:3      | Found a faded altar of an unknown god.
  1564 | D:3      | Noticed Sigmund
  1583 | D:3      | Gained mutation: You are robust. (+10% HP) [potion of
                  | mutation]
  1583 | D:3      | Gained mutation: You are strong-willed. (Will+) [potion of
                  | mutation]
  1595 | D:3      | Killed Sigmund
  1596 | D:3      | Reached skill level 4 in Dodging
  1596 | D:3      | Reached skill level 1 in Shields
  1596 | D:3      | Reached XP level 5. HP: 10/36 MP: 5/5
  1596 | D:3      | Reached XP level 6. HP: 11/41 MP: 6/6
  1760 | D:3      | Found a sparkling altar of Nemelex Xobeh.
  1821 | D:3      | Noticed Robin
  1835 | D:3      | Killed Robin
  2668 | D:4      | Reached skill level 1 in Polearms
  2846 | D:5      | Entered Level 5 of the Dungeon
  3152 | D:5      | Reached XP level 7. HP: 44/49 MP: 7/7
  3290 | D:5      | Reached skill level 5 in Dodging
  3413 | D:5      | Found Wovajise's Jewellery Shop.
  3508 | D:5      | Found a staircase to the Ecumenical Temple.
  3524 | Temple   | Entered the Ecumenical Temple
  3655 | Temple   | Became a worshipper of Uskayaw the Reveller
  3739 | D:6      | Reached * piety under Uskayaw
  3888 | D:6      | Found the +6 shillelagh "Devastator" {shatter}
  3926 | D:6      | Reached ** piety under Uskayaw
  3928 | D:6      | Reached *** piety under Uskayaw
  3929 | D:6      | Reached XP level 8. HP: 56/56 MP: 8/8
  4098 | D:6      | Reached skill level 5 in Polearms
  4425 | D:6      | Reached skill level 6 in Dodging
  4476 | D:6      | Found a runed translucent door.
  4477 | D:6      | Noticed Crazy Yiuf
  4562 | D:6      | Found a broken altar of Ashenzari.
  4778 | D:6      | Reached skill level 7 in Dodging
  5020 | D:6      | Killed Crazy Yiuf
  5060 | D:7      | Reached XP level 9. HP: 63/63 MP: 9/9
  5063 | D:7      | Reached **** piety under Uskayaw
  5067 | D:7      | Reached ***** piety under Uskayaw
  5257 | D:7      | Reached skill level 5 in Fighting
  5257 | D:7      | Reached skill level 8 in Dodging
  5261 | D:7      | Found a radiant altar of Vehumet.
  5504 | D:7      | Reached skill level 5 in Shields
  6464 | D:8      | Reached XP level 10. HP: 74/74 MP: 10/10
  6507 | D:8      | Reached skill level 1 in Maces & Flails
  6507 | D:8      | Reached skill level 9 in Dodging
  6685 | D:8      | Found a transporter.
  6726 | D:8      | Found a transporter.
  7890 | D:9      | Found Ylucor's Jewellery Shop.
  7921 | D:9      | Paralysed by a hornet for 2 turns
  8187 | D:10     | Entered Level 10 of the Dungeon
  8187 | D:10     | Noticed Urug
  8187 | D:10     | Found Cofettedgha's General Store.
  8194 | D:9      | Slain by a killer bee

Illustrated notes

Levels and vault maps discovered:
D:1:      reono_arrival_mine, layout_basic, serial_shops, nicolae_diamond_shop
D:2:      layout_loops_ring, minmay_misc_feat_diagonals
D:3:      layout_loops_cross, mainiacjoe_overflow_six_doors_small,
          nicolae_hepliaklqana_ecumenical_no_more, basic_ecumenical_altar,
          uniq_robin, uniq_sigmund
D:4:      layout_cave_pools, hangedman_decor_points
D:5:      layout_gridville, minmay_temple_entry_statues_fountains, serial_shops,
          nicolae_take_the_stairs
D:6:      layout_loops_ring, mainiacjoe_overflow_alcove_1,
          dilly_guarded_unrand_devastator, uniq_crazy_yiuf_cottage
D:7:      corexii_shack_village, layout_loops_ring, lemuel_crystal_altar,
          due_unseen_surprise
D:8:      gammafunk_cloud_chamber, layout_cave_pods
D:9:      layout_roguey, serial_shops, shop, lemuel_flamethrower_hall
D:10:     layout_roguey [special_room_bee], mainiacjoe_overflow_brackets,
          hellmonk_lair_entry_icy, serial_shops, shop, shop, shop, shop_statue,
          nicolae_shop_hallway_stairs, uniq_erolcha, uniq_urug, uniq_maggie
Temple:   nicolae_temple_bog_church

Skill      XL: |  1  2  3  4  5  6  7  8  9 10 |
---------------+-------------------------------+-----
Dodging        | 3 4 5 7 8 9 |  9.2
Unarmed Combat | 1 3 |  3.5
Shields        | 1 2 3 5 6 |  6.1
Polearms       | 2 4 5 |  5.1
Fighting       | 2 4 6 |  6.3
Maces & Flails | 3 |  3.1
Stealth        | |  1.3
Evocations     | |  3.2

Action                   |  1- 3 |  4- 6 |  7- 9 | 10-12 || total
-------------------------+-------+-------+-------+-------++-------
Melee: Unarmed           |    97 |    20 |       |       ||   117
       Constrict         |    28 |    19 |    23 |     5 ||    75
       Tentacles         |    24 |    16 |    28 |     3 ||    71
       Punch             |     2 |       |     4 |     2 ||     8
       Trident           |       |    67 |    34 |       ||   101
       Shillelagh        |       |       |    98 |    25 ||   123
Throw: Dart              |     3 |     6 |    11 |     1 ||    21
Evoke: Wand              |     1 |    11 |     7 |     1 ||    20
  Use: Potion            |       |     3 |       |     1 ||     4
       Scroll            |       |       |       |    23 ||    23
 Stab: Sleeping          |     4 |     7 |    10 |       ||    21
       Paralysed         |       |       |     8 |       ||     8
Armor: Skin              |     9 |    15 |    10 |       ||    34
Dodge: Dodged            |    53 |    47 |    63 |    23 ||   186
Block: Other             |    22 |    21 |     3 |       ||    46
       Reflection        |       |     1 |     1 |       ||     2
       Buckler           |       |       |    41 |       ||    41
       Kite shield       |       |       |    18 |    34 ||    52

Table legend: (Time is in decaauts)
 A = Elapsed time spent in this place.
 B = Non-inter-level travel time spent in this place.
 C = Inter-level travel time spent in this place.
 D = Time resting spent in this place.
 E = Time spent auto-exploring this place.
 F = Levels seen in this place.
 G = Mean time per level.
                   A        B        C        D        E       F      G
               +--------+--------+--------+--------+--------+-----+--------+
         Total |   8260 |   7951 |    309 |   1803 |   4851 |  11 |  750.9 |
       Dungeon |   8121 |   7830 |    291 |   1803 |   4741 |  10 |  812.1 |
        Temple |    139 |    121 |     18 |      0 |    110 |   1 |  139.0 |
               +--------+--------+--------+--------+--------+-----+--------+

Top non-repeatable levels by time:
     D:9: 1161 daAuts
     D:6: 1160 daAuts
     D:8: 1077 daAuts
     D:3: 993 daAuts
     D:7: 935 daAuts
     D:5: 865 daAuts
     D:2: 816 daAuts
     D:1: 615 daAuts
     D:4: 491 daAuts
  Temple: 139 daAuts
    D:10: 4 daAuts
